 Dungeon Crawl Stone Soup version 0.27-a0-789-g6bb3289e1e (webtiles) character file.

Game seed: 6251473608110380294

97 robertstho the Shooter (level 4, 0/38 HPs)
             Began as a Minotaur Hunter on Mar 26, 2021.
             Slain by a goblin
             ... wielding a +0 dagger
             ... led by Robin
              (1 damage)
             ... on level 2 of the Dungeon.
             The game lasted 00:02:56 (1355 turns).

robertstho the Shooter (Minotaur Hunter)            Turns: 1355, Time: 00:02:57

Health: 0/38       AC:  3    Str: 15 (18) XL:     4   Next: 42%
Magic:  3/3        EV: 11    Int:  7 (8)  God:
Gold:   32         SH:  0    Dex:  7 (10) Spells: 3/3 levels left

rFire    . . .     SeeInvis .   a - +1 shortbow
rCold    + . .     Faith    .   (shield currently unavailable)
rNeg     . . .     Spirit   .   c - +0 leather armour
rPois    .         Reflect  .   (helmet restricted)
rElec    .         Harm     .   (no cloak)
rCorr    .         Rampage  .   (no gloves)
Will     .....                  (no boots)
Stlth    +.........             (no amulet)
HPRegen  0.12/turn              k - ring of protection from cold
MPRegen  0.08/turn              (no ring)

@: no status effects
A: horns 2, retaliatory headbutt
a: no special abilities


You were on level 2 of the Dungeon.
You visited 1 branch of the dungeon, and saw 2 of its levels.

You collected 32 gold pieces.

Inventory:

Hand Weapons
 a - a +1 shortbow (weapon)
 f - a +0 rapier
 i - a +2 dagger of speed
 m - a +0 falchion
Missiles
 d - 14 arrows (quivered ammo)
Armour
 c - a +0 leather armour (worn)
Jewellery
 k - a ring of protection from cold (right hand)
Scrolls
 b - a scroll of magic mapping
 e - 2 scrolls of identify {unknown}
 g - a scroll of teleportation {unknown}
 h - a scroll of amnesia {unknown}
 j - a scroll of torment {unknown}
Potions
 l - a potion of degeneration


   Skills:
 * Level 3.2 Fighting
 + Level 1.4 Short Blades
 * Level 5.2 Bows
 * Level 2.2 Armour
 + Level 2.4 Dodging
 - Level 0.7 Stealth


You had 3 spell levels left.
You didn't know any spells.
Your spell library was empty.

Dungeon Overview and Level Annotations

Branches:
Dungeon (2/15)

Altars:

Annotations:
D:2 Robin


Innate Abilities, Weirdness & Mutations

You have a pair of horns on your head.
You reflexively headbutt those who attack you in melee.


Message History

Unknown command.
Fire: 19 arrows
Press: ? - help, Q - select action Shift-Dir - straight line, f - goblin
Aim: a goblin, wielding a +0 club (strong, 50% to hit)
You shoot an arrow. The arrow barely misses the goblin.
The goblin barely misses you.
Unknown command.
Fire: 18 arrows
Press: ? - help, Q - select action Shift-Dir - straight line, f/p - goblin
Aim: a goblin, wielding a +0 club (strong, 50% to hit)
You shoot an arrow. The arrow hits the goblin!
You kill the goblin!
Robin closely misses you. The goblin barely misses you. The hobgoblin hits you!
* * * LOW HITPOINT WARNING * * *
Fire: 17 arrows
Press: ? - help, Q - select action Shift-Dir - straight line, f - hobgoblin
Aim: a hobgoblin (strong, 57% to hit)
You shoot an arrow. The arrow hits the hobgoblin!
You kill the hobgoblin!
Robin barely misses you. The goblin barely misses you.
Fire: 16 arrows
Press: ? - help, Q - select action Shift-Dir - straight line, f - Robin
Aim: Robin, wielding a +2 vampiric spear, wearing a +0 animal skin and wearing a +1 helmet (65% to hit)
You shoot an arrow. The arrow hits Robin!
Robin is heavily wounded.
Robin closely misses you. The goblin closely misses you.
Fire: 15 arrows
Press: ? - help, Q - select action Shift-Dir - straight line, f/p - Robin
Aim: Robin, wielding a +2 vampiric spear, wearing a +0 animal skin and wearing a +1 helmet (heavily wounded, 65% to hit)
You shoot an arrow. The arrow hits Robin.
Robin is severely wounded.
The goblin no longer looks unusually strong.
The goblin hits you with a +0 club.
* * * LOW HITPOINT WARNING * * *
The goblin misses you.
Okay, then.
As you read the scroll labelled YCATSE TEAPYNK, it crumbles to dust.
You feel aware of your surroundings.
It was a scroll of magic mapping.
The goblin completely misses you. The goblin hits you with a +0 dagger.
You die...

..#.........###
..#......†..#
............# ###
#........g..# ##(#
#.#.........# #..#
,,##.......g###..#
,**#........gg.g)#
.####.##......##g#
..?....)......##@#
......##......##g#
#.....,#.......).#
#....#.........###
##...##.#..###.#
g....*#.#.## #.#
....,*#.#.# #.#
.g..,*#.#.# *#.#
,,,,,**,,,***..#


You could see Robin and 2 goblins.

Vanquished Creatures
  4 adders (D:2)
  4 dart slugs (D:1)
  2 bats (D:1)
  2 giant cockroaches
  6 hobgoblins
  8 jackals (D:1)
  8 ball pythons
  3 frilled lizards
  8 goblins
  3 kobolds
  5 rats
53 creatures vanquished.

Notes
Turn   | Place    | Note
-------+----------+-------------------------------------------
     0 | D:1      | robertstho the Minotaur Hunter began the quest for the Orb.
     0 | D:1      | Reached XP level 1. HP: 18/18 MP: 0/0
   230 | D:1      | Reached XP level 2. HP: 25/25 MP: 1/1
   480 | D:1      | Reached skill level 5 in Bows
   517 | D:1      | Reached skill level 1 in Armour
   546 | D:1      | Reached XP level 3. HP: 20/30 MP: 2/2
  1019 | D:2      | Reached skill level 1 in Short Blades
  1235 | D:2      | Reached XP level 4. HP: 34/38 MP: 3/3
  1330 | D:2      | Noticed Robin
  1354 | D:2      | HP: 1/38 [goblin/+0 club[Robin] (4)]
  1355 | D:2      | Slain by a goblin

Illustrated notes

Levels and vault maps discovered:
D:1:      scummos_arrival_star, layout_rooms
D:2:      layout_rooms, uniq_robin

Skill      XL: |  1  2  3  4 |
---------------+-------------+-----
Bows           | 5 |  5.2
Armour         | 1 2 |  2.2
Fighting       | 3 |  3.2
Short Blades   | 1 |  1.4
Dodging        | |  2.4
Stealth        | |  0.7

Action                   |  1- 3 |  4- 6 || total
-------------------------+-------+-------++-------
Melee: Rapier            |    64 |       ||    64
       Short sword       |     6 |       ||     6
       Headbutt          |    13 |     5 ||    18
       Dagger            |    34 |    18 ||    52
 Fire: Shortbow          |       |     6 ||     6
  Use: Scroll            |       |     1 ||     1
       Potion            |       |     1 ||     1
Armor: Leather armour    |    27 |     4 ||    31
Dodge: Dodged            |    74 |    19 ||    93

Table legend: (Time is in decaauts)
 A = Elapsed time spent in this place.
 B = Non-inter-level travel time spent in this place.
 C = Inter-level travel time spent in this place.
 D = Time resting spent in this place.
 E = Time spent auto-exploring this place.
 F = Levels seen in this place.
 G = Mean time per level.
                   A        B        C        D        E       F      G
               +--------+--------+--------+--------+--------+-----+--------+
         Total |   1346 |   1332 |     14 |     56 |    986 |   2 |  673.0 |
       Dungeon |   1346 |   1332 |     14 |     56 |    986 |   2 |  673.0 |
               +--------+--------+--------+--------+--------+-----+--------+

Top non-repeatable levels by time:
     D:1: 814 daAuts
     D:2: 531 daAuts
